 Dungeon Crawl Stone Soup version 0.23.1-38-g628c18f (webtiles) character file.

Game seed: 12392044274138069913

10326 troglodite the Protected (level 11, -11/129 (130) HPs)
             Began as a Demonspawn Berserker on Mar 26, 2019.
             Was a High Priest of Trog.
             Mangled by a skeletal warrior
             ... wielding a +0 scimitar
             ... led by a skeletal warrior
              (24 damage)
             ... on level 10 of the Dungeon on Mar 28, 2019.
             The game lasted 00:35:22 (12279 turns).

troglodite the Protected (Demonspawn Berserker)    Turns: 12279, Time: 00:35:23

HP:   -11/129 (130) AC: 17    Str: 23    XL:     11   Next: 34%
MP:   11/11         EV: 17    Int:  8    God:    Trog [*****.]
Gold: 505           SH:  0    Dex: 30    Spells: 10/10 levels left

rFire    . . .     SeeInvis .   x - +3 short sword (vamp)
rCold    . . .     Gourm    .   (no shield)
rNeg     . . .     Faith    .   y - +0 plate armour
rPois    .         Spirit   .   p - +0 helmet
rElec    .         Reflect  .   (no cloak)
rCorr    .         Harm     .   P - +0 pair of gloves
MR       .....                  (no boots)
Stlth    ..........             A - amulet "Rozidiuh" {RegenMP +Inv Dex+4}
HPRegen  0.31/turn              B - ring of stealth
MPRegen  0.37/turn              H - +5 ring of dexterity

@: agile, berserking, very quick
A: talons 2, nightstalker 2, powered by pain 2
a: Berserk, Trog's Hand, Brothers in Arms, Renounce Religion, Evoke Invisibility


You were on level 10 of the Dungeon.
You worshipped Trog.
Trog was extremely pleased with you.
You were not hungry.

You visited 1 branch of the dungeon, and saw 11 of its levels.

You collected 563 gold pieces.
You spent 58 gold pieces at shops.

Inventory:

Hand Weapons
 a - a +0 falchion
 m - a +1 dagger of speed
 t - a +1 hand axe of flaming
 x - a +3 vampiric short sword (weapon)
 G - a +3 scimitar of freezing
Missiles
 h - 139 sling bullets
Armour
 p - a +0 helmet (worn)
 y - a +0 plate armour (worn)
 P - a +0 pair of gloves (worn)
Jewellery
 A - the amulet "Rozidiuh" (around neck) {RegenMP +Inv Dex+4}
   (You found it on level 5 of the Dungeon)

   [amulet of magic regeneration]

   It increases your magic regeneration.
   It affects your dexterity (+4).
   It lets you turn invisible.
 B - a ring of stealth (left hand)
 H - a +5 ring of dexterity (right hand)
Wands
 q - a wand of random effects (16)
 u - a wand of paralysis (11)
 w - a wand of digging (5)
 C - a wand of flame (28)
 E - a wand of enslavement (13)
Scrolls
 d - a scroll of enchant weapon
 f - 4 scrolls of enchant armour
 g - 6 scrolls of remove curse
 k - 4 scrolls of teleportation
 l - 4 scrolls of magic mapping {unknown}
 v - a scroll of fog {unknown}
 D - 3 scrolls of fear
 F - a scroll of silence {unknown}
 J - 2 scrolls of blinking {unknown}
 K - a scroll of identify
 M - a scroll of noise {unknown}
 O - a scroll of torment {unknown}
Potions
 b - 2 potions of might
 e - 2 potions of flight
 i - 2 potions of haste
 j - 4 potions of curing
 n - 6 potions of lignification
 o - 2 potions of heal wounds
 r - 2 potions of cancellation
 s - 4 potions of agility
 z - a potion of invisibility
 I - a potion of ambrosia
 L - a potion of berserk rage {unknown}
 N - a potion of mutation {unknown}
Comestibles
 c - 17 rations


   Skills:
 * Level 8.7 Fighting
 + Level 7.6(7.9) Short Blades
 + Level 2.9(5.7) Long Blades
 * Level 10.9 Armour
 * Level 6.5 Dodging
 + Level 0.3 Stealth


You had 10 spell levels left.
You didn't know any spells.
Your spell library was empty.

Dungeon Overview and Level Annotations

Branches:
Dungeon (11/15)            Temple (0/1) D:4            Lair (0/6) D:8
    Orc (0/2) D:11

Altars:
Elyvilon
Gozag
Okawaru
Qazlal

Shops:
D:5 *   D:10 [

Annotations:
D:8 1 runed translucent door, Frank's ghost, novice OpFi


Innate Abilities, Weirdness & Mutations

You have razor-sharp toenails.
You are significantly more attuned to the shadows.
You sometimes gain power by taking damage.


Message History

The skeletal warrior is lightly damaged.
The skeletal warrior hits you with a +0 scimitar!
* * * LOW HITPOINT WARNING * * *
You puncture the skeletal warrior! Your kick misses the skeletal warrior.
The skeletal warrior is moderately damaged.
The skeletal warrior closely misses you.
You puncture the skeletal warrior! You claw the skeletal warrior!
The skeletal warrior is heavily damaged.
The skeletal warrior hits you with a +0 scimitar!
* * * LOW HITPOINT WARNING * * *
You barely miss the skeletal warrior. You claw the skeletal warrior.
The skeletal warrior is heavily damaged.
You hit the skeletal warrior.
You claw the skeletal warrior, but do no damage.
The skeletal warrior is heavily damaged.
The skeletal warrior hits you but does no damage.
You hit the skeletal warrior. Your kick misses the skeletal warrior.
The skeletal warrior is severely damaged.
The skeletal warrior hits you with a +0 scimitar!!
You die...

#####...##############....#######
#.#.#........................
#.#.#........................
#####...#########################
#................................
..#...#..#..#..##..##...#........
..#...#..#..#..##.......#........
......#..#..#....z......#...##...
...............z@................
#################################


You could see 2 skeletal warriors.

Vanquished Creatures
  Harold (D:8)
  A two-headed ogre (D:8)
  Nergalle (D:10)
  An unseen horror (D:11)
  A manticore (D:11)
  A komodo dragon (D:8)
  A hippogriff (D:7)
  A wraith (D:11)
  A shadow (D:11)
  Eustachio (D:5)
  A basilisk (D:8)
  7 yaks
  A hungry ghost (D:6)
  3 vampire mosquitoes (D:11)
  A swamp drake (D:8)
  An eye of draining (D:10)
  4 orc warriors
  2 sky beasts
  3 ice beasts
  3 phantoms
  3 necrophages
  7 ogres
  6 centaurs
  2 crocodiles
  A gnoll sergeant (D:8)
  A big kobold (D:11)
  4 bullfrogs
  A wyvern zombie (D:11)
  4 scorpions
  A howler monkey (D:9)
  5 wights (D:7)
  2 crimson imps
  A bullfrog zombie (D:5)
  2 jellies
  A quasit (D:11)
  4 orc priests
  A bullfrog skeleton (D:7)
  8 hounds
  A centaur skeleton (D:5)
  5 orc wizards
  6 iguanas
  8 worker ants
  A hound skeleton (D:5)
  12 adders
  4 gnolls (D:8)
  A shadow imp (D:10)
  2 oozes
  2 worms
  2 adder skeletons
  An adder zombie (D:7)
  4 dart slugs
  5 leopard geckos
  32 orcs
  A ball python (D:3)
  6 giant cockroaches
  6 goblins
  6 hobgoblins
  8 jackals
  4 quokkas
  8 bats
  3 frilled lizards
  8 kobolds
  A leopard gecko skeleton (D:6)
  A quokka skeleton (D:5)
  8 rats
236 creatures vanquished.

Vanquished Creatures (others)
  2 withered plants (D:8)
2 creatures vanquished.

Grand Total: 238 creatures vanquished

Notes
Turn   | Place    | Note
-------+----------+-------------------------------------------
     0 | D:1      | troglodite the Demonspawn Berserker began the quest for the
                  | Orb.
     0 | D:1      | Reached XP level 1. HP: 18/18 MP: 1/1
   474 | D:1      | Gained mutation: You have sharp toenails. [demonic
                  | ancestry]
   474 | D:1      | Reached XP level 2. HP: 16/24 MP: 2/2
   894 | D:2      | Reached ** piety under Trog
   897 | D:2      | Reached skill level 2 in Armour
   951 | D:2      | Gained mutation: You sometimes gain a little power by
                  | taking damage. [demonic ancestry]
   951 | D:2      | Reached XP level 3. HP: 29/29 MP: 3/3
  1183 | D:2      | Gained mutation: You are slightly more attuned to the
                  | shadows. [demonic ancestry]
  1183 | D:2      | Reached XP level 4. HP: 31/37 MP: 4/4
  1709 | D:3      | Reached skill level 1 in Short Blades
  2091 | D:3      | Reached skill level 3 in Armour
  2091 | D:3      | Gained mutation: You sometimes gain power by taking damage.
                  | [demonic ancestry]
  2091 | D:3      | Reached XP level 5. HP: 33/42 MP: 5/5
  2598 | D:4      | Reached *** piety under Trog
  2633 | D:4      | Received a gift from Trog
  2745 | D:4      | Noticed an ogre
  2758 | D:4      | Killed an ogre
  3163 | D:4      | Found a staircase to the Ecumenical Temple.
  3354 | D:4      | Reached XP level 6. HP: 40/48 MP: 6/6
  3646 | D:5      | Entered Level 5 of the Dungeon
  3747 | D:5      | Reached skill level 4 in Armour
  3767 | D:5      | Noticed an ice beast
  3787 | D:5      | Killed an ice beast
  4012 | D:5      | Found an opulent altar of Gozag.
  4053 | D:5      | Found Gozag's Platinum Reserve.
  4255 | D:5      | Reached XP level 7. HP: 53/55 MP: 7/7
  4315 | D:5      | Noticed Eustachio
  4361 | D:5      | Killed Eustachio
  4361 | D:5      | Reached skill level 5 in Armour
  4463 | D:5      | Found a white marble altar of Elyvilon.
  4604 | D:5      | Got a shimmering crystal amulet
  5037 | D:6      | Reached XP level 8. HP: 41/61 MP: 8/8
  5285 | D:6      | Reached skill level 5 in Fighting
  5312 | D:6      | Found an iron altar of Okawaru.
  5313 | D:6      | Reached skill level 6 in Armour
  5317 | D:6      | Found a stormy altar of Qazlal.
  6210 | D:7      | Reached **** piety under Trog
  6567 | D:7      | Reached skill level 5 in Short Blades
  6567 | D:7      | Reached skill level 7 in Armour
  6574 | D:7      | Gained mutation: You have razor-sharp toenails. [demonic
                  | ancestry]
  6574 | D:7      | Reached XP level 9. HP: 64/67 MP: 9/9
  7097 | D:7      | Identified the amulet "Rozidiuh" {RegenMP +Inv Dex+4} (You
                  | found it on level 5 of the Dungeon)
  7198 | D:7      | Reached skill level 8 in Armour
  7583 | D:7      | Upgraded the game from 0.23.1-37-gaa34b87 to
                  | 0.23.1-38-g628c18f
  7707 | D:8      | You fall through a shaft for 3 floors!
  7709 | D:11     | Noticed a skeletal warrior
  7711 | D:11     | Noticed a cyclops
  7758 | D:11     | Noticed a skeletal warrior
  7787 | D:11     | Found a staircase to the Orcish Mines.
  8033 | D:11     | Reached skill level 5 in Dodging
  8363 | D:11     | Killed an unseen horror
  8492 | D:11     | Gained mutation: You are significantly more attuned to the
                  | shadows. [demonic ancestry]
  8492 | D:11     | Reached XP level 10. HP: 79/79 MP: 10/10
  8497 | D:11     | Reached skill level 9 in Armour
  8681 | D:11     | Reached ***** piety under Trog
  8696 | D:11     | Noticed a skeletal warrior
  8701 | D:11     | Noticed a skeletal warrior
  8702 | D:11     | Noticed a skeletal warrior
  8885 | D:11     | Noticed a manticore
  8901 | D:11     | Killed a manticore
  9323 | D:10     | Entered Level 10 of the Dungeon
  9583 | D:8      | Noticed a two-headed ogre
  9593 | D:8      | Killed a two-headed ogre
  9593 | D:8      | Reached skill level 10 in Armour
  9906 | D:8      | Found a runed translucent door.
  9906 | D:8      | Noticed Frank's ghost (novice OpFi)
 10118 | D:8      | Noticed Harold
 10133 | D:8      | Killed Harold
 10133 | D:8      | Reached XP level 11. HP: 86/86 MP: 11/11
 10495 | D:8      | Found a staircase to the Lair.
 11656 | D:10     | Noticed Nergalle
 11661 | D:10     | Killed Nergalle
 11707 | D:10     | Found Bonigoh's Armour Shop.
 11713 | D:10     | Bought a +0 pair of gloves for 58 gold pieces
 12279 | D:10     | Mangled by a skeletal warrior

Skill      XL: |  1  2  3  4  5  6  7  8  9 10 |
---------------+-------------------------------+-----
Dodging        | 2 3 4 5 6 |  6.5
Armour         | 2 3 4 5 7 8 10 | 10.9
Short Blades   | 1 2 3 5 6 7 |  7.6
Fighting       | 4 5 7 8 |  8.7
Long Blades    | |  2.9
Stealth        | |  0.3

Action                   |  1- 3 |  4- 6 |  7- 9 | 10-12 || total
-------------------------+-------+-------+-------+-------++-------
Melee: Falchion          |    20 |       |       |       ||    20
       Dagger            |    70 |   226 |       |       ||   296
       Kick              |    23 |    69 |   127 |   222 ||   441
       Short sword       |       |    12 |   345 |   391 ||   748
Invok: Berserk           |       |     3 |    10 |     9 ||    22
  Use: Scroll            |       |       |    15 |     2 ||    17
       Potion            |       |       |     2 |       ||     2
  Eat: Chunk             |     1 |    11 |    13 |    16 ||    41
       Ration            |       |     2 |     4 |     1 ||     7
Armor: Ring mail         |    13 |       |       |       ||    13
       Animal skin       |     1 |       |       |       ||     1
       Scale mail        |       |    71 |       |       ||    71
       Plate armour      |       |     3 |   229 |   120 ||   352
Dodge: Dodged            |    36 |    91 |   105 |   146 ||   378
       Rpst.: Falchion   |     3 |       |       |       ||     3
